[Event "Live Chess"]
[Site "Chess.com"]
[Date "2023.05.21"]
[Round "-"]
[White "LiamBellwood"]
[Black "raminguy"]
[Result "1/2-1/2"]
[WhiteElo "1946"]
[BlackElo "1956"]
[TimeControl "300"]
[EndTime "3:16:32 PDT"]
[Termination "Game drawn - insufficient material"]

1. d4 d5 2. Nf3 Nf6 3. e3 e6 4. Be2 Be7 5. O-O O-O 6. b3 c5 7.
Bb2 cxd4 8. Nxd4 Nc6 9. Nd2 Bd6 10. N2f3 Re8 11. a3 e5 12. Nxc6 bxc6 13. c4 e4 14. Nd4 Qc7 15. h3 a5 16. cxd5 cxd5 17. Nb5 Qe7 18.
Nxd6 Qxd6 19. Bxf6 gxf6 20. Bc4 Be6 21. Qd4 Qe5 22.
Bb5 Reb8 23. a4 Qxd4 24. exd4 f5 25. Rfc1 f4 26. h4 Rc8 27. g3 f3 28. Kf1 Kf8 29. Ke1 Ke7 30. Kd2 Kd6 31. Ke3 f5 32. Kf4 Rxc1 33. Rxc1 Rc8 34. Rxc8 Bxc8 35. Kg5 Bd7 36. Bf1 Ke6 37. Bh3 Kd6 38. Bf1 Ke6 39. Kh6 Kf6 40.
Kxh7 f4 41. gxf4 Bg4 42. Kh6 Kf5 43. h5 Kxf4 44. Kg6 Bf5+ 45. Kf6 Bh7 46. h6 e3 47.
fxe3+ Kxe3 48. Ke5 Be4 49. h7 Bxh7 50. Kxd5 Bg8+ 51.
Kc5 Bxb3 52. d5 Bxa4 53. d6 f2 54. Kb6 Kd2 55. Kxa5 Bd7 56. Kb6 Ke1 57. Bc4 f1=Q 58. Bxf1 Kxf1 59. Kc7 Bh3 60. d7 Bxd7 1/2-1/2

[Event "Live Chess"]
[Site "Chess.com"]
[Date "2023.05.21"]
[Round "-"]
[White "ranvir123"]
[Black "f4nomore"]
[Result "0-1"]
[WhiteElo "961"]
[BlackElo "1407"]
[TimeControl "300"]
[EndTime "3:16:37 PDT"]
[Termination "f4nomore won by resignation"]

1. e4 g6 2. Nf3 Bg7 3. Nc3 d6 4. d4 Nd7 5. Bc4 b6 6. Bd5 Rb8 7. Bg5 Ngf6 8. Bxf6 Nxf6 9. Bc6+ Bd7 10. Bxd7+ Qxd7 11. e5 dxe5 12. dxe5 Qxd1+ 13. Rxd1 Ng4 14. O-O Nxe5 15.
Nxe5 Bxe5 16. Rfe1 Bd6 17. Nb5 O-O 18. Nxd6 exd6 19.
Re7 Rbc8 20. b4 a6 21. c4 c5 22.
bxc5 Rxc5 23. Rxd6 Rxc4 24. h3 Ra4 25. Rxb6 Rxa2 26.
Rbb7 a5 27. Ra7 a4 28. Re3 Kg7 29. Kh2 Rb8 30. Ree7 Rf8 31. Kg3 a3 32. Re3 h5 33.
Rexa3 Rxa3+ 34. Rxa3 Re8 35. Ra7 Re2 36. Kf3 Rc2 37.
g4 Rc3+ 38. Kg2 hxg4 39. hxg4 Rc2 40. Kg3 Rc3+ 41. f3 Kf6 42. g5+ Kg7 43. Kg4 Rc4+ 44. f4 Rc1 45. f5 Rg1+ 46. Kf4 Rf1+ 47.
Kg4 Rxf5 48. Kh4 Rf4+ 49. Kg3 Rb4 50. Kf3 Rb5 51. Kf4 Rc5 52. Kg4 Rd5 53. Kf4 Rd6 54.
Ke5 Re6+ 55. Kf4 Rb6 56. Ke5 Rb5+ 57. Kf4 Rb4+ 58. Ke5 Rg4 59. Kd6 Rxg5 60. Kc6 Rf5 61. Kd6 Kh6 0-1

[Event "Live Chess"]
[Site "Chess.com"]
[Date "2023.05.21"]
[Round "-"]
[White "MarkLim1"]
[Black "Biranidun"]
[Result "0-1"]
[WhiteElo "1706"]
[BlackElo "2540"]
[TimeControl "300"]
[EndTime "3:16:44 PDT"]
[Termination "Biranidun won by resignation"]

1. d4 Nf6 2. Nf3 g6 3. c4 Bg7 4. Nc3 O-O 5. e4 d6 6. Be2 e5 7.
d5 a5 8. O-O Na6 9. Bg5 h6 10.
Bh4 Bd7 11. Nd2 Nc5 12. b3 Nfxe4 13. Bxd8 Nxc3 14. Qe1 Raxd8 15. Rc1 e4 16. a3 Rfe8 17. b4 axb4 18. axb4 Nd3 19. Bxd3 exd3 20. Qxe8+ Rxe8 21. Kh1 Re2 22. Nf3 Bg4 23. h3 Bxf3 24. gxf3 d2 0-1

[Event "Live Chess"]
[Site "Chess.com"]
[Date "2023.05.21"]
[Round "-"]
[White "Tiltador"]
[Black "KeithArkell"]
[Result "0-1"]
[WhiteElo "845"]
[BlackElo "2495"]
[TimeControl "300"]
[EndTime "3:16:48 PDT"]
[Termination "KeithArkell won by checkmate"]

1. e4 c6 2. Nf3 d5 3. exd5 cxd5 4. Bd3 Nf6 5. O-O Nc6 6. Nc3 Bg4 7. Be2 e6 8. a3 Bd6 9. b4 a6 10. Na4 O-O 11. Nc5 Qc7 12. Bb2 Bxf3 13. Bxf3 Bxh2+ 14. Kh1 Be5 15. Bxe5 Nxe5 16. d4 Nxf3 17. Qxf3 b6 18. Nd3 Ne4 19. Rad1 Qxc2 20. Ne5 Rac8 21. Ng4 Nd2 22.
Rxd2 Qxd2 23. Qg3 Qg5 24. Ne5 Qxg3 25. fxg3 Rc3 26. Kh2 f6 27. Nd7 Rd8 28. Nxb6 Rxa3 29. Rc1 Rb3 30. Rc8 Rxc8 31. Nxc8 Rxb4 32. Nd6 a5 33. g4 a4 34. g3 a3 35. Kh3 a2 36.
Kh4 a1=Q 37. g5 f5 38. g4 Qe1+ 39. Kh5 Qh1# 0-1

[Event "Live Chess"]
[Site "Chess.com"]
[Date "2023.05.21"]
[Round "-"]
[White "Berdgross"]
[Black "Davidagye"]
[Result "0-1"]
[WhiteElo "662"]
[BlackElo "1676"]
[TimeControl "300"]
[EndTime "3:16:52 PDT"]
[Termination "Davidagye won by resignation"]

1. d4 d5 2. e3 Nf6 3. Nf3 Bg4 4. Be2 e6 5. h3 Bxf3 6. Bxf3 Nbd7 7. Nc3 Bb4 8. Bd2 O-O 9. a3 Bxc3 10. Bxc3 c5 11. dxc5 Nxc5 12. Bb4 Rc8 13. O-O a5 14. Bxc5 Rxc5 15.
b4 axb4 16. axb4 Rc4 17. Ra4 b5 18. Ra1 Qc7 19. Rc1 Rc3 20. e4 dxe4 21. Be2 Rd8 22. Qe1 Rxc2 23. Rxc2 Qxc2 24. Bxb5 Rb8 25. Be2 Nd5 26. Bc4 Qxc4 0-1

[Event "Live Chess"]
[Site "Chess.com"]
[Date "2023.05.21"]
[Round "-"]
[White "TheSmoulderingMaster"]
[Black "Lewstar1"]
[Result "1-0"]
[WhiteElo "1697"]
[BlackElo "434"]
[TimeControl "300"]
[EndTime "3:16:58 PDT"]
[Termination "TheSmoulderingMaster won by resignation"]

1. e4 d5 2. exd5 Qxd5 3. Nc3 Qa5 4. d4 Nf6 5. Nf3 Nc6 6. Bc4 Bf5 7. O-O O-O-O 8. d5 Nb4 9. a3 Nxc2 10. Ra2 g6 11.
b4 Nxb4 12. axb4 Qxb4 13. Bd2 Qxc4 14. Rxa7 Nxd5 15. Ra8+ Kd7 16. Ne5+ Kd6 17. Nxc4+ Kc5 18. Rxd8 Nxc3 19. Bxc3 Bg7 20. Rxh8 Bxc3 21. Rxh7 g5 22. Rxf7 Be6 23. Rxe7 Bxc4 24. Rxc7+ Kb4 25. Qb1+ Ka3 26. Rxc4 Bb4 27. Rxb4 1-0

[Event "Live Chess"]
[Site "Chess.com"]
[Date "2023.05.21"]
[Round "-"]
[White "MMmaaxxxx"]
[Black "RockTroll"]
[Result "0-1"]
[WhiteElo "2028"]
[BlackElo "2221"]
[TimeControl "300"]
[EndTime "3:17:07 PDT"]
[Termination "RockTroll won by checkmate"]

1. e4 d5 2. exd5 Qxd5 3. Nf3 Nf6 4. Be2 c6 5. d4 Bg4 6. Be3 e6 7. c4 Qd8 8. Nc3 Bb4 9. a3 Bxc3+ 10. bxc3 O-O 11. h3 Bxf3 12. Bxf3 Nbd7 13. O-O Nb6 14. Qd3 Qe7 15. Bg5 h6 16. Bh4 Rfd8 17. a4 Nbd7 18.
Rab1 Ne5 19. Qe2 Nxf3+ 20. Qxf3 b6 21. Qxc6 Rac8 22. Qb5 g5 23. Bg3 Ne4 24. Rfc1 Nd2 25. c5 Nxb1 26. Bd6 Rxd6 27. cxd6 Qxd6 28. Qxb1 Qd5 29.
Qb4 Rc4 30. Qb3 Rxd4 31. Qa3 Rd1+ 32. Rxd1 Qxd1+ 33. Kh2 Qd5 34. Qb4 Kg7 35. c4 Qe5+ 36.
Kg1 Qa1+ 37. Kh2 Qd4 38. Kg3 h5 39. f3 h4+ 40. Kh2 Kf6 41. Qb5 Qe5+ 42. Qxe5+ Kxe5 43. g3 hxg3+ 44. Kxg3 f5 45. f4+ gxf4+ 46. Kf3 Kf6 47. Kxf4 e5+ 48. Kg3 Kg5 49. h4+ Kh5 50. a5 f4+ 51. Kf3 Kxh4 52. Kg2 e4 53. Kf2 Kg4 54. Kg2 Kf5 55. Kf2 Ke5 56. axb6 axb6 57. Ke2 Kd4 58. c5 bxc5 59. Kd2 c4 60. Ke2 c3 61. Kd1 Kd3 62.
Kc1 e3 63. Kb1 f3 64. Ka2 f2 65. Kb3 e2 66. Kb4 c2 67. Kc5 c1=Q+ 68. Kd5 e1=Q 69. Kd6 f1=Q 70. Kd5 Qfe2 71. Kd6 Q2d2 72. Kd7 Kd4 73.
Kd6 Qg5 74. Kd7 Qd5# 0-1

[Event "Live Chess"]
[Site "Chess.com"]
[Date "2023.05.21"]
[Round "-"]
[White "Purple1szed"]
[Black "HoarseyHorsey"]
[Result "1-0"]
[WhiteElo "1825"]
[BlackElo "1443"]
[TimeControl "300"]
[EndTime "3:17:16 PDT"]
[Termination "Purple1szed won by resignation"]

1. e4 c5 2. c3 e6 3. d4 d5 4.
exd5 exd5 5. Nf3 Nc6 6. Na3 a6 7. Bd3 Nf6 8. O-O Bd6 9. Re1+ Be6 10. Bg5 O-O 11. Ne5 Re8 12. Qc2 h6 13. Nxc6 bxc6 14. Bd2 c4 15. Bf5 Bxa3 16. bxa3 Qd7 17. Bxe6 Rxe6 18.
Bf4 Rae8 19. Be5 Ne4 20. f3 Nf6 21. Qa4 c5 22. Qxd7 Nxd7 23. Bg3 cxd4 24. cxd4 Re2 25.
Kf1 Rxe1+ 26. Rxe1 Rxe1+ 27. Kxe1 Nb6 28. Kd2 Na4 29.
Kc2 Kf8 30. Bd6+ Ke8 31. Bb4 Kd7 32. Bf8 g6 33. Bxh6 Ke6 34. g4 Nb6 35. h4 Nd7 36. Bf4 Nb8 37. h5 Nc6 38. h6 Kf6 39. g5+ Kf5 40. h7 1-0

[Event "Live Chess"]
[Site "Chess.com"]
[Date "2023.05.21"]
[Round "-"]
[White "JamesWallman"]
[Black "JanMur7"]
[Result "0-1"]
[WhiteElo "796"]
[BlackElo "1955"]
[TimeControl "300"]
[EndTime "3:17:28 PDT"]
[Termination "JanMur7 won by checkmate"]

1. e4 e5 2. Nf3 Nc6 3. Bc4 Bc5 4. c3 Nf6 5. d3 a6 6. b4 Bb6 7. a4 d6 8. a5 Ba7 9. Qb3 Qe7 10. Ng5 O-O 11. O-O h6 12. Nf3 Bg4 13. Nh4 Nh5 14.
Ng6 Qf6 15. Nxf8 Rxf8 16. Be3 Nf4 17. Bxf4 exf4 18. Nd2 f3 19. gxf3 Bxf3 20. Rae1 Qg5# 0-1

[Event "Live Chess"]
[Site "Chess.com"]
[Date "2023.05.21"]
[Round "-"]
[White "chessleanstrategist"]
[Black "NatashaRegan"]
[Result "0-1"]
[WhiteElo "430"]
[BlackElo "1714"]
[TimeControl "300"]
[EndTime "3:17:48 PDT"]
[Termination "NatashaRegan won by resignation"]

1. c4 e5 2. Nc3 Nc6 3. Nf3 f5 4. g3 Nf6 5. Bg2 Bc5 6. e3 d6 7. O-O O-O 8. b3 a5 9. a4 e4 10.
Nh4 Ne5 11. Nd5 Nxd5 12. cxd5 g5 13. f4 gxh4 14. fxe5 hxg3 15. hxg3 dxe5 16. d4 exd3 17. Qxd3 e4 18. Qc3 Bb4 19. Qc4 Qf6 20. Ba3 Bxa3 21.
Rxa3 Qd6 22. Bxe4 fxe4 23. Rxf8+ Kxf8 24. Qxe4 Qxa3 25. Qf4+ Ke8 26. Qxc7 Qe7 27. Qc4 Bf5 28. Qf4 Qe4 29. Qxe4+ Bxe4 30. Kf2 Bxd5 31. Ke2 Bxb3 32.
g4 Bxa4 33. Kf3 Bc6+ 34. e4 a4 35. Kf4 Ke7 0-1

[Event "Live Chess"]
[Site "Chess.com"]
[Date "2023.05.21"]
[Round "-"]
[White "Doge_Dandolo"]
[Black "omisoc"]
[Result "1/2-1/2"]
[WhiteElo "1871"]
[BlackElo "2169"]
[TimeControl "300"]
[EndTime "3:18:03 PDT"]
[Termination "Game drawn by agreement"]

1. Nf3 c5 2. c4 g6 3. g3 Bg7 4. Bg2 Nc6 5. O-O e6 6. Nc3 Nge7 7. d4 cxd4 8. Nb5 O-O 9. Nbxd4 d5 10. cxd5 exd5 11.
Bg5 h6 12. Nxc6 bxc6 13. Bxe7 Qxe7 14. Qc2 c5 15. Rfd1 Bb7 16. Rac1 Rac8 17. b3 Rfe8 18. e3 d4 19. exd4 Bxf3 20. Bxf3 Bxd4 21. Re1 Qxe1+ 22. Rxe1 Rxe1+ 23. Kg2 Rd8 24. a3 Rd6 25. b4 cxb4 26. axb4 Ra1 27. Qb3 Rf6 28. Qd3 Bb6 29. Qc3 Rxf3 30.
Kxf3 Ra2 31. Qc8+ Kg7 32. Qc3+ Kh7 33. Qb3 Rxf2+ 34. Kg4 h5+ 35. Kh3 Rf5 36. Qc4 Rf2 37. Qd5 Kh6 38. Qe5 Kh7 39. Qe7 Rf5 40. Qd7 Kg7 41.
Qd2 g5 42. Qc3+ Kg6 43. Qc6+ Rf6 44. Qc2+ Kg7 45. Qc3 Kg6 46. Qd3+ Kh6 47. Qd2 Kg6 48. Qd3+ Kg7 1/2-1/2

[Event "Live Chess"]
[Site "Chess.com"]
[Date "2023.05.21"]
[Round "-"]
[White "Bunny55"]
[Black "JohanKjeldahl"]
[Result "0-1"]
[WhiteElo "945"]
[BlackElo "1894"]
[TimeControl "300"]
[EndTime "3:18:08 PDT"]
[Termination "JohanKjeldahl won by resignation"]

1. e4 c5 2. Nf3 Nc6 3. d4 cxd4 4. Nxd4 Nf6 5. Be3 e5 6. Nxc6 bxc6 7. Nc3 Bb4 8. Bd3 O-O 9. O-O d5 10. a3 Bxc3 11. bxc3 dxe4 12. Bc4 Bf5 13. Bg5 Qe7 14. Qd2 Rfd8 15. Qe2 h6 16. Bxf6 Qxf6 17. Rad1 Qg6 18. Kh1 Bg4 19. f3 exf3 20. gxf3 Bh3 21. Rg1 Rxd1 22. Qxd1 Qf6 23. Qe2 Rd8 24. Bd3 Bf5 25. Bxf5 Qxf5 26. Qg2 g6 27. h4 Qf4 28. Qh3 e4 29.
fxe4 Qxe4+ 30. Qg2 Qxh4+ 31. Qh2 Qe4+ 32. Qg2 Re8 0-1

[Event "Live Chess"]
[Site "Chess.com"]
[Date "2023.05.21"]
[Round "-"]
[White "RockTroll"]
[Black "toxic_rabbit"]
[Result "1-0"]
[WhiteElo "2226"]
[BlackElo "1984"]
[TimeControl "300"]
[EndTime "3:18:08 PDT"]
[Termination "RockTroll won by resignation"]

1. e4 e6 2. Nf3 d5 3. e5 c5 4. b4 Nc6 5. bxc5 Bxc5 6. d4 Bb6 7.
c3 Nge7 8. Bd3 Ba5 9. h4 O-O 10. Bxh7+ Kxh7 11. Ng5+ Kg6 12. h5+ 1-0

[Event "Live Chess"]
[Site "Chess.com"]
[Date "2023.05.21"]
[Round "-"]
[White "YrrriKharkiv"]
[Black "CheckThis4"]
[Result "0-1"]
[WhiteElo "2062"]
[BlackElo "2496"]
[TimeControl "300"]
[EndTime "3:18:23 PDT"]
[Termination "CheckThis4 won by resignation"]

1. d4 Nf6 2. c4 e5 3. dxe5 Ng4 4. Nf3 Bc5 5. e3 Nc6 6. a3 a5 7. Nbd2 Ngxe5 8. Be2 O-O 9. Nxe5 Nxe5 10. Nf3 d6 11.
Bd2 a4 12. Bc3 Qe7 13. O-O c6 14. Nd4 Qh4 15. Nf3 Nxf3+ 16. Bxf3 Qxc4 17. Rc1 Qb3 18. Qxb3 axb3 19. Bd4 Bxd4 20. exd4 Bf5 21. Bd1 Be6 22. Rc3 Ra4 23. Bxb3 Rxd4 24. Bxe6 fxe6 25. b3 Rd2 26. f3 e5 27. a4 Kf7 28. Ra1 Ke6 29.
a5 e4 30. fxe4 Rff2 31. Rg3 g6 32. a6 bxa6 33. Rxa6 Rfe2 34. h3 Rc2 35. Ra4 c5 36. Kh2 Rb2 37. Ra7 Rxe4 38. Rxh7 Kd5 39. Rxg6 Rxb3 40.
h4 c4 41. g3 c3 42. Rc7 Re2+ 43.
Kh3 c2 44. Rg5+ Kd4 45. Rg4+ Kd3 46. Rgc4 d5 47. R4c5 d4 48. h5 Rb1 49. Kg4 Rh1 50. R7c6 Re4+ 51. Kf3 Rh2 52. Rxc2 Re3+ 53. Kf4 Rxc2 54.
Rxc2 Kxc2 55. h6 Re8 56. h7 d3 0-1

[Event "Live Chess"]
[Site "Chess.com"]
[Date "2023.05.21"]
[Round "-"]
[White "bedsdrout"]
[Black "NAZRIZ1977"]
[Result "0-1"]
[WhiteElo "577"]
[BlackElo "1970"]
[TimeControl "300"]
[EndTime "3:18:28 PDT"]
[Termination "NAZRIZ1977 won by checkmate"]

1. b4 d5 2. Nc3 e6 3. Nf3 Bxb4 4. Bb2 Nf6 5. e3 O-O 6. Bd3 Nbd7 7. Nd4 c5 8. Qf3 cxd4 9. Nxd5 exd5 10. Qh3 Ne5 11. f4 Nxd3+ 12. cxd3 Bxh3 13. gxh3 dxe3 14. Rg1 exd2+ 15.
Ke2 d4 16. Rg2 Qe7+ 17. Kf3 Qe3# 0-1

[Event "Live Chess"]
[Site "Chess.com"]
[Date "2023.05.21"]
[Round "-"]
[White "PetorPrydatko"]
[Black "Tushinskiy"]
[Result "0-1"]
[WhiteElo "354"]
[BlackElo "2182"]
[TimeControl "300"]
[EndTime "3:18:29 PDT"]
[Termination "Tushinskiy won on time"]

1. e4 e5 2. d3 d6 3. Nc3 Nf6 4. Bg5 Be7 5. Be2 c6 6. Nf3 Nbd7 7. O-O O-O 8. b4 Re8 9. d4 Qc7 10. dxe5 dxe5 11. Bc4 Bxb4 12. Ne2 Nxe4 13. Rb1 Bf8 14. Bxf7+ Kxf7 15. Rb4 Bxb4 16. Qb1 Qd6 17.
c3 Bc5 18. Qd1 Qxd1 19. Rxd1 Ndf6 20. Nxe5+ Rxe5 21. Rd7+ Bxd7 22. Bxf6 Nxf6 0-1

[Event "Live Chess"]
[Site "Chess.com"]
[Date "2023.05.21"]
[Round "-"]
[White "manthanit"]
[Black "Greenbecker"]
[Result "0-1"]
[WhiteElo "1081"]
[BlackElo "1649"]
[TimeControl "300"]
[EndTime "3:18:31 PDT"]
[Termination "Greenbecker won by checkmate"]

1. e4 e6 2. Nf3 d5 3. exd5 exd5 4. d4 Nf6 5. Nc3 Bd6 6. h3 O-O 7. Bg5 Re8+ 8. Be2 c6 9. O-O h6 10. Bh4 Be6 11. Bd3 Nbd7 12. Re1 Qc7 13. Bg3 Bxg3 14. fxg3 Qxg3 15. Ne2 Qc7 16. Rc1 Nh5 17. c4 Nf4 18. Nxf4 Qxf4 19. cxd5 Bxd5 20. Be4 Rxe4 21.
Rxe4 Bxe4 22. Rc4 Bxf3 23. Qxf3 Qxf3 24. gxf3 Nb6 25. Rc2 Rd8 26. Rd2 Rd5 27. b3 Kf8 28.
Kf2 Ke7 29. Ke3 Nd7 30. Kd3 Ne5+ 31. Ke3 Ng6 32. Kf2 c5 33. Re2+ Kd7 34. dxc5 Rxc5 35.
Rd2+ Kc6 36. Ke1 Ne5 37. Ke2 Rd5 38. Rc2+ Kd6 39. a4 g5 40. Rc8 Kd7 41. Rh8 Rd3 42. Rxh6 Rxf3 43. Rh5 Rxb3 44. Rxg5 f6 45. Rg7+ Kc6 46. Rg6 Rxh3 47. Rxf6+ Kd5 48. Rf8 Ra3 49. Rd8+ Kc6 50. Rd4 Nd7 51. Kd2 Nc5 52. Rc4 Rxa4 53. Kc3 Rxc4+ 54. Kxc4 b5+ 55. Kb4 Kb6 56. Kc3 a5 57.
Kb2 b4 58. Ka2 Kb5 59. Kb2 Kc4 60. Ka2 Kc3 61. Ka1 a4 62. Ka2 a3 63. Ka1 b3 64.
Kb1 Nd3 65. Ka1 b2+ 66. Ka2 Kc2 67. Kxa3 b1=Q 68. Ka4 Qb4# 0-1

[Event "Live Chess"]
[Site "Chess.com"]
[Date "2023.05.21"]
[Round "-"]
[White "Mugzwang"]
[Black "EdenHazard8"]
[Result "1/2-1/2"]
[WhiteElo "1564"]
[BlackElo "1956"]
[TimeControl "300"]
[EndTime "3:18:38 PDT"]
[Termination "Game drawn by repetition"]

1. Nf3 d5 2. c4 e6 3. g3 Nf6 4. Bg2 Be7 5. O-O O-O 6. b3 dxc4 7. bxc4 c5 8. d3 Nc6 9. Bb2 Nd4 10. Nxd4 cxd4 11.
Nd2 e5 12. Rb1 Rb8 13. Qa4 Bd7 14. Qc2 Bc6 15. Bxc6 bxc6 16. Qa4 Qc7 17. Ba3 Bxa3 18. Qxa3 c5 19. Qa4 Rb6 20. Rb5 Rfb8 21. Rfb1 g6 22. Nf3 a6 23. Rxb6 Rxb6 24. Rxb6 Qxb6 25. Nxe5 Qb1+ 26.
Kg2 Qb7+ 27. Kg1 Qb1+ 28. Kg2 Qb7+ 29. Kg1 Qb1+ 1/2-1/2

[Event "Live Chess"]
[Site "Chess.com"]
[Date "2023.05.21"]
[Round "-"]
[White "Keithdfg"]
[Black "Ferrarifan27"]
[Result "0-1"]
[WhiteElo "1590"]
[BlackElo "2106"]
[TimeControl "300"]
[EndTime "3:18:53 PDT"]
[Termination "Ferrarifan27 won by resignation"]

1. d3 d5 2. Nd2 e5 3. Ngf3 Nc6 4. e4 Nf6 5. Be2 Be6 6. c3 h6 7. O-O Bc5 8. b4 Bb6 9. b5 dxe4 10. dxe4 Ne7 11.
Nxe5 O-O 12. a4 a5 13. Ba3 Re8 14. Qc2 Nd7 15. Nxd7 Qxd7 16. Nc4 Ba7 17. Rad1 Qc8 18. Nxa5 Bxf2+ 19. Rxf2 Rxa5 20. Bb4 Ra8 21. c4 Ng6 22. c5 Rd8 23. Rxd8+ Qxd8 24. Bf1 Qd4 25. c6 Qxb4 0-1

[Event "Live Chess"]
[Site "Chess.com"]
[Date "2023.05.21"]
[Round "-"]
[White "JoshMcK"]
[Black "WelshTiger"]
[Result "0-1"]
[WhiteElo "1520"]
[BlackElo "2348"]
[TimeControl "300"]
[EndTime "3:18:55 PDT"]
[Termination "WelshTiger won by resignation"]

1. e4 c5 2. c3 Nf6 3. e5 Nd5 4. Nf3 e6 5. Bc4 Nc6 6. O-O d6 7. d4 cxd4 8. cxd4 Be7 9. exd6 Qxd6 10. Nc3 Nxc3 11. bxc3 b6 12. Bb5 Bd7 13. Ne5 Nxe5 14.
dxe5 Qxd1 15. Rxd1 Bxb5 16. a4 Bc4 17. Be3 Rd8 18.
Rxd8+ Bxd8 19. Rd1 Bc7 20. f4 Ke7 21. a5 Rd8 22. Rxd8 Bxd8 23. axb6 Bxb6 24. Bxb6 axb6 25.
Kf2 Kd7 26. Ke3 Kc6 27. Kd4 Kb5 28. g4 Be2 29. g5 g6 30. h4 Bg4 31. Ke3 Kc4 32.
Kd2 Bf5 0-1

[Event "Live Chess"]
[Site "Chess.com"]
[Date "2023.05.21"]
[Round "-"]
[White "raminguy"]
[Black "ranvir123"]
[Result "1-0"]
[WhiteElo "1956"]
[BlackElo "961"]
[TimeControl "300"]
[EndTime "3:19:05 PDT"]
[Termination "raminguy won by resignation"]

1. d4 Nf6 2. Nc3 g6 3. Bf4 Bg7 4.
Qd2 O-O 5. Bh6 d5 6. h4 Nc6 7.
Nf3 Bg4 8. Bxg7 Kxg7 9. O-O-O Bxf3 10. exf3 e5 11. dxe5 Nxe5 12. Be2 c6 13. g4 h5 14. gxh5 Nxh5 15. Rdg1 d4 16. Ne4 f5 17. Ng5 b5 18. Ne6+ 1-0

[Event "Live Chess"]
[Site "Chess.com"]
[Date "2023.05.21"]
[Round "-"]
[White "McSlash1"]
[Black "SupremeTactician"]
[Result "1-0"]
[WhiteElo "2021"]
[BlackElo "2213"]
[TimeControl "300"]
[EndTime "3:19:06 PDT"]
[Termination "McSlash1 won by resignation"]

1. e4 e5 2. Nf3 Nc6 3. Bb5 a6 4. Ba4 Nf6 5. O-O Nxe4 6. Re1 Nc5 7. Bxc6 dxc6 8. Nxe5 Be7 9. d4 Ne6 10. c3 O-O 11. Nd2 c5 12. Ndf3 cxd4 13. cxd4 b6 14. Qb3 Bb7 15. Bd2 Bd5 16. Qc2 Bxf3 17. Nxf3 Re8 18. Rad1 Bd6 19. h4 Nf4 20. Bxf4 Bxf4 21. g3 Bd6 22. Rxe8+ Qxe8 23. Re1 Qd7 24. Qe4 Rd8 25.
Ng5 g6 26. d5 h6 27. Nf3 Kf8 28. Qd4 Kg8 29. Ne5 Bxe5 30. Qxe5 Qd6 31. Qd4 Qxd5 32. Re8+ Rxe8 33. Qxd5 Re6 34. Qa8+ 1-0

[Event "Live Chess"]
[Site "Chess.com"]
[Date "2023.05.21"]
[Round "-"]
[White "Vitalii18a"]
[Black "apl_trainer"]
[Result "0-1"]
[WhiteElo "1115"]
[BlackElo "1769"]
[TimeControl "300"]
[EndTime "3:19:25 PDT"]
[Termination "apl_trainer won on time"]

1. e4 c5 2. c3 Nf6 3. Bd3 Nc6 4. Nf3 e5 5. O-O g6 6. Bc2 Bg7 7. d4 d6 8. dxc5 dxc5 9. Bg5 h6 10. Bh4 O-O 11.
Na3 Be6 12. Re1 a6 13. Bg3 Nh5 14. Bh4 Qc7 15. h3 Nf4 16. Nh2 b5 17. Bd3 g5 18.
Bg3 Rad8 19. Bxf4 exf4 20. c4 Ne5 21. cxb5 Nxd3 22. bxa6 Nxe1 23. Qxe1 Bxb2 24. Nb5 Qc6 25. Na7 Qxa6 26. Rb1 Bg7 27. Ng4 Bxg4 28. hxg4 Qxa7 29. g3 fxg3 30. fxg3 Qxa2 31. Rb7 Rd2 32. Qe3 Qa1+ 0-1

[Event "Live Chess"]
[Site "Chess.com"]
[Date "2023.05.21"]
[Round "-"]
[White "Davidagye"]
[Black "Sweet-O"]
[Result "1-0"]
[WhiteElo "1679"]
[BlackElo "1425"]
[TimeControl "300"]
[EndTime "3:19:30 PDT"]
[Termination "Davidagye won by resignation"]

1. b4 d5 2. Bb2 e6 3. Nf3 c5 4.
bxc5 Bxc5 5. Bxg7 Qb6 6. d4 Qb2 7. Nbd2 Nc6 8. Rb1 Qc3 9. Rb3 Qa5 10. dxc5 Qxa2 11. Bxh8 1-0

[Event "Live Chess"]
[Site "Chess.com"]
[Date "2023.05.21"]
[Round "-"]
[White "jagbama"]
[Black "Biranidun"]
[Result "0-1"]
[WhiteElo "1177"]
[BlackElo "2540"]
[TimeControl "300"]
[EndTime "3:19:53 PDT"]
[Termination "Biranidun won by checkmate"]

1. e4 c5 2. Bc4 e6 3. c3 Nc6 4. d4 d5 5. exd5 exd5 6. Bb5 Nf6 7. Nf3 Be7 8. O-O O-O 9. Be3 Qb6 10. Bxc6 bxc6 11.
b3 Bg4 12. h3 Bh5 13. Re1 Ne4 14. Nbd2 Nxc3 15. Qc2 Bxf3 16. Nxf3 Ne4 17. Ne5 cxd4 18. Nd7 dxe3 19. Nxb6 exf2+ 20. Kf1 fxe1=Q+ 21. Rxe1 axb6 22. Qxc6 Bc5 23. Qxd5 Ng3# 0-1

[Event "Live Chess"]
[Site "Chess.com"]
[Date "2023.05.21"]
[Round "-"]
[White "DfNn"]
[Black "CeladonFish"]
[Result "1/2-1/2"]
[WhiteElo "1547"]
[BlackElo "1096"]
[TimeControl "300"]
[EndTime "3:20:08 PDT"]
[Termination "Game drawn by agreement"]

1. e4 d6 2. f4 Nf6 3. Nc3 g6 4. Nf3 Bg7 5. d3 Nc6 6. Be2 O-O 7. Be3 Re8 8. Qd2 Nb4 9. O-O-O Ng4 10. a3 Bxc3 11.
bxc3 Nc6 12. Kb2 d5 13. exd5 Qxd5 14. c4 Qe6 15. Bc5 b6 16. Bb4 a5 17. Bc3 Nf2 18. h3 Nxh1 19. Rxh1 Rd8 20. h4 Qg4 21. h5 Qxg2 22.
Rg1 Qh3 23. hxg6 hxg6 24. Ng5 Qf5 25. Rh1 f6 26. Ne4 Bb7 27. Qe3 b5 28. Qg3 bxc4 29. dxc4 Qxe4 30. Bd3 Rxd3 31. cxd3 Qxh1 32. Qxg6+ Kh8 33.
Bxf6+ exf6 34. Qxf6+ Kg8 35. Qg6+ Kf8 36. Qf6+ Ke8 37.
Qe6+ Ne7 38. f5 Qg2+ 39. Kc3 Qa2 40. f6 Qxa3+ 41. Kd4 Qb2+ 42. Ke3 1/2-1/2

[Event "Live Chess"]
[Site "Chess.com"]
[Date "2023.05.21"]
[Round "-"]
[White "MJMykh"]
[Black "seasidecastle27"]
[Result "0-1"]
[WhiteElo "1182"]
[BlackElo "1905"]
[TimeControl "300"]
[EndTime "3:20:13 PDT"]
[Termination "seasidecastle27 won by checkmate"]

1. e4 d6 2. Nf3 e5 3. h3 f5 4. exf5 Bxf5 5. Nc3 Nf6 6. Bc4 d5 7. Bb5+ c6 8. Ba4 Nbd7 9. O-O Bd6 10. d3 O-O 11. Bg5 Qe8 12. Bxf6 Rxf6 13. d4 e4 14. Nh4 Be6 15. Bb3 Rh6 16. g3 Qe7 17.
Ne2 Rxh4 18. gxh4 Qxh4 19. Qd2 Qxh3 20. Nf4 Qg4+ 21. Ng2 Rf8 22. Rae1 Qh3 23. f4 exf3 24. Ne3 Qg3+ 25. Kh1 f2 26. Rxf2 Rxf2 27. Qxf2 Qxf2 28.
Ng2 Qg3 29. Kg1 Qh2+ 30. Kf1 Bh3 31. Re2 Qh1+ 32. Kf2 Qxg2+ 33. Ke3 Bf4+ 34. Kd3 Bf5+ 35. Kc3 Qxe2 36. Kb4 Bd2+ 37. Ka3 Qa6+ 38. Ba4 b5 39. b3 bxa4 40. bxa4 Qa5 41. Kb3 Qb4# 0-1

[Event "Live Chess"]
[Site "Chess.com"]
[Date "2023.05.21"]
[Round "-"]
[White "SmoothBaron"]
[Black "lateforthesky"]
[Result "1-0"]
[WhiteElo "2312"]
[BlackElo "2106"]
[TimeControl "300"]
[EndTime "3:20:43 PDT"]
[Termination "SmoothBaron won by resignation"]

1. e4 c5 2. f4 d5 3. exd5 Nf6 4. Nc3 Nxd5 5. Bb5+ Bd7 6. Qf3 Bxb5 7. Nxb5 Na6 8.
a3 Qd7 9. c4 Nf6 10. Ne2 e6 11. b3 Rd8 12. O-O Be7 13. Rd1 O-O 14. d3 Nc7 15.
Qxb7 Nxb5 16. Qxb5 Qxb5 17. cxb5 Rb8 18. a4 a6 19. Bb2 axb5 20. a5 Nd5 21. d4 Ra8 22. Rdc1 Rfc8 23. g3 c4 24. bxc4 bxc4 25. Ra4 Rcb8 26.
Bc3 Nb6 27. Ra2 Nd5 28. Kf2 Rb3 29. Bd2 Rb5 30. Rxc4 h5 31. a6 Rb6 32. a7 Rb7 33. Rca4 Bd6 34. Nc3 Nc7 35. Ne4 Be7 36. Nc5 Bxc5 37. dxc5 Nb5 38. Rb2 Rbxa7 39. Rxa7 Nxa7 40. Ra2 Kf8 41. c6 Ke8 42. Be3 1-0

[Event "Live Chess"]
[Site "Chess.com"]
[Date "2023.05.21"]
[Round "-"]
[White "peter-785"]
[Black "DoYouLikeCurry"]
[Result "0-1"]
[WhiteElo "1183"]
[BlackElo "1405"]
[TimeControl "300"]
[EndTime "3:20:45 PDT"]
[Termination "DoYouLikeCurry won by checkmate"]

1. e4 c6 2. Nf3 d5 3. exd5 cxd5 4. d4 g6 5. Be2 Bg7 6. c3 Nf6 7. O-O O-O 8. h3 Nc6 9. Be3 Qb6 10. Qd2 e6 11. Re1 Bd7 12. Bf1 Rac8 13. Na3 Rfe8 14. c4 Ne4 15. Qe2 Nxd4 16. Nxd4 Bxd4 17. Bxd4 Qxd4 18.
cxd5 exd5 19. Red1 Qb6 20. Rxd5 Nc3 21. Qd3 Nxd5 22. Qxd5 Qxb2 23. Nc4 Qxa1 24. Nd6 Rc1 25. Qxf7+ Kh8 26. Qxd7 Rxf1+ 27. Kh2 Qe5+ 28. g3 Rxf2+ 29. Kg1 Qe1# 0-1